 Dungeon Crawl Stone Soup version 0.24.0-28-g17ded55e90 (webtiles) character file.

Game seed: 16053959439070969112, levelgen mode: deterministic

126 Descartes the Insei (level 5, 0/28 HPs)
             Began as a Vine Stalker Monk on Nov 12, 2019.
             Was a Believer of Vehumet.
             Killed from afar by an orc wizard (5 damage)
             ... with a magic dart
             ... on level 3 of the Dungeon.
             The game lasted 00:04:35 (2173 turns).

Descartes the Insei (Vine Stalker Monk)             Turns: 2173, Time: 00:04:36

Health: 0/28       AC:  3    Str: 15    XL:     5   Next: 10%
Magic:  0/8        EV: 13    Int: 10    God:    Vehumet [**....]
Gold:   108        SH:  0    Dex: 16    Spells: 6/7 levels left

rFire    . . .     SeeInvis .     - Unarmed
rCold    . . .     Gourm    .   (no shield)
rNeg     . . .     Faith    .   r - +0 leather armour
rPois    .         Spirit   +   (no helmet)
rElec    .         Reflect  .   (no cloak)
rCorr    .         Harm     .   (no gloves)
MR       .....                  (no boots)
Stlth    ++........             (no amulet)
HPRegen  0.49/turn              (no ring)
MPRegen  0.11/turn              (no ring)

@: very slightly contaminated, invisible
A: fangs 2, regeneration 1, magic shield, antimagic bite, no potion heal 3, rot
immunity
a: Renounce Religion


You were on level 3 of the Dungeon.
You worshipped Vehumet.
Vehumet was pleased with you.
You were not hungry.

You visited 1 branch of the dungeon, and saw 3 of its levels.

You collected 108 gold pieces.

Inventory:

Missiles
 a - 21 bolts
 n - 6 javelins
 p - 41 stones (quivered)
 s - 18 sling bullets
Armour
 r - a +0 leather armour (worn)
Wands
 f - a wand of iceblast (7)
Scrolls
 d - a scroll of remove curse
 e - 2 scrolls of teleportation {unknown}
 g - a scroll of enchant armour {unknown}
 h - a scroll of immolation {unknown}
 l - a scroll of fear {unknown}
 o - a scroll of enchant weapon {unknown}
 u - a scroll of magic mapping {unknown}
Potions
 c - a potion of invisibility
 i - a potion of berserk rage {unknown}
 j - 2 potions of mutation {unknown}
 k - a potion of agility {unknown}
 m - a potion of haste {unknown}
 q - 3 potions of curing {unknown}
Comestibles
 b - a ration
 t - 3 chunks of flesh


   Skills:
 + Level 3.2 Fighting
 + Level 2.9 Dodging
 + Level 3.5 Stealth
 * Level 4.0 Unarmed Combat
 + Level 1.5 Spellcasting


You had 6 spell levels left.
You knew the following spells:

 Your Spells              Type           Power        Failure   Level  Hunger
a - Flame Tongue          Conj/Fire      #....        38%         1    ##.....

Your spell library contained the following spells:

 Spells                   Type           Power        Failure   Level  Hunger
 Throw Frost              Conj/Ice       #.....       52%         2    ###....
 Magic Dart               Conj           #...         38%         1    ##.....


Dungeon Overview and Level Annotations

Branches:
Dungeon (3/15)

Altars:
Kikubaaqudgha
Sif Muna
Vehumet


Innate Abilities, Weirdness & Mutations

You have extremely sharp teeth.
Your natural rate of healing is unusually fast.
When hurt, damage is shared between your health and your magic reserves.
Your bite disrupts and absorbs the magic of your enemies.
Potions cannot restore your health.
You are immune to rotting.


Message History

The orc wizard hits you with a +0 dagger.
* * * LOW HITPOINT WARNING * * *
The orc wizard closely misses you.
The orc wizard gestures at you while chanting.
The magic dart hits something.
You hear some strange, mumbled words.
A puff of flame appears from out of thin air!
The puff of flame misses you.
The orc wizard points at you and mumbles some strange words.
The puff of frost hits you.
* * * LOW HITPOINT WARNING * * *
You fade into invisibility!
Something hits you.
* * * LOW HITPOINT WARNING * * *
Something hits you but does no damage.
You are very lightly contaminated with residual magic.
Something hits you but does no damage.
A magic dart appears from out of thin air!
The magic dart hits you!
You die...

#...รท...# #...
#.####.......#
##..
#...........##
#..
######o####......
#.. ###.#
#.#########. ###
#...# #{S......
..
#.#.####.#######
### #.#.##...#
#.#.##@###
#.#.##.#
#.#<...####
#............
###.######### #.#
#.# #.# #.#


You could see an adder (wandering).

Vanquished Creatures
  9 adders
  An ooze (D:2)
  A dart slug (D:1)
  3 leopard geckos
  An orc (D:3)
  A giant cockroach (D:1)
  2 goblins (D:2)
  2 hobgoblins (D:2)
  2 kobolds (D:2)
  A quokka (D:2)
  A ball python (D:1)
  7 bats
  6 frilled lizards
  4 rats
41 creatures vanquished.

Notes
Turn   | Place    | Note
-------+----------+-------------------------------------------
     0 | D:1      | Descartes the Vine Stalker Monk began the quest for the
                  | Orb.
     0 | D:1      | Reached XP level 1. HP: 11/11 MP: 2/2
   679 | D:1      | Reached XP level 2. HP: 16/16 MP: 3/3
   883 | D:2      | Reached XP level 3. HP: 18/19 MP: 3/5
  1019 | D:2      | Reached skill level 1 in Spellcasting
  1432 | D:2      | Gained mutation: Your natural rate of healing is unusually
                  | fast. [Vine Stalker growth]
  1432 | D:2      | Reached XP level 4. HP: 4/24 MP: 6/6
  1601 | D:2      | Found a radiant altar of Vehumet.
  1603 | D:2      | Identified Vehumet's Volume of Confrontation
  1606 | D:2      | Found an ancient bone altar of Kikubaaqudgha.
  1607 | D:2      | Found a shimmering blue altar of Sif Muna.
  1697 | D:2      | Became a worshipper of Vehumet
  1697 | D:2      | Reached * piety under Vehumet
  1697 | D:2      | Offered knowledge of Flame Tongue by Vehumet.
  1697 | D:2      | Reached ** piety under Vehumet
  1700 | D:2      | Learned a level 1 spell: Flame Tongue
  1782 | D:2      | Offered knowledge of Throw Frost by Vehumet.
  2078 | D:3      | Reached skill level 4 in Unarmed Combat
  2096 | D:3      | Reached XP level 5. HP: 20/28 MP: 5/8
  2173 | D:3      | Killed from afar by an orc wizard

Levels and vault maps discovered:
D:1:      dpeg_arrival_line_fractal, layout_loops_corners
D:2:      layout_loops_ring, grunt_temple_overflow_magic_moments
D:3:      layout_basic, first_ration

Skill      XL: |  1  2  3  4 |
---------------+-------------+-----
Stealth        | 3 |  3.5
Spellcasting   | 1 |  1.5
Fighting       | 3 |  3.2
Unarmed Combat | 4 |  4.0
Dodging        | |  2.9

Action                   |  1- 3 |  4- 6 || total
-------------------------+-------+-------++-------
Melee: Unarmed           |    67 |    65 ||   132
       Bite              |    17 |    12 ||    29
       Punch             |     2 |       ||     2
  Use: Scroll            |       |     3 ||     3
       Potion            |       |     1 ||     1
 Stab: Sleeping          |     5 |     2 ||     7
  Eat: Chunk             |     2 |     2 ||     4
Armor: Robe              |     6 |       ||     6
       Leather armour    |     5 |    22 ||    27
Dodge: Dodged            |    42 |    67 ||   109
